 Dungeon Crawl Stone Soup version 0.21-a0-329-g12f17e1 (webtiles) character file.

265506 easywork the Bludgeoner (level 20, -10/114 HPs)
             Began as a Vine Stalker Fighter on Oct 1, 2017.
             Was a High Priest of Okawaru.
             Mangled by a jiangshi (12 damage)
             ... led by a vampire mage
             ... on level 15 of the Dungeon.
             The game lasted 01:22:58 (32615 turns).

easywork the Bludgeoner (Vine Stalker Fighter)     Turns: 32615, Time: 01:23:00

Health: -10/114    AC: 39    Str: 28    XL:     20   Next: 48%
Magic:  0/30       EV: 18    Int:  8    God:    Okawaru [*****.]
Gold:   1343       SH: 23    Dex: 19    Spells: 19/19 levels left

rFire    . . .     SeeInvis +   v - +9 eveningstar (elec)
rCold    . . .     Gourm    .   m - +2 shield
rNeg     . . .     Faith    .   a - +4 plate armour of Xipron {Str+2}
rPois    +         Spirit   +   O - +2 helmet {SInv}
rElec    .         Reflect  +   c - +2 cloak {rPois}
rCorr    .         Harm     .   Y - +2 pair of gloves {Dex+3}
MR       +++..                  t - +2 pair of boots
Stlth    ..........             k - +5 amulet of reflection
HPRegen  1.09/turn              J - ring of protection from magic
MPRegen  0.22/turn              q - +6 ring of evasion

@: silence, heroism, hasted, studying Maces & Flails, very quick
A: fangs 3, regeneration 2, magic shield, antimagic bite, no potion heal 3, rot
immunity
}: 1/15 runes: serpentine
a: Renounce Religion


You were on level 15 of the Dungeon.
You worshipped Okawaru.
Okawaru was extremely pleased with you.
You were not hungry.

You visited 6 branches of the dungeon, and saw 31 of its levels.
You also visited: Labyrinth, Sewer and Ice Cave.

You collected 4049 gold pieces.
You spent 2706 gold pieces at shops.

Inventory:

Hand Weapons
 v - a +9 eveningstar of electrocution (weapon)
Armour
 a - the +4 plate armour of Xipron (worn) {Str+2}
   (You found it on level 5 of the Lair of Beasts)

   It affects your strength (+2).
 c - a +2 cloak of poison resistance (worn)
 m - a +2 shield (worn)
 t - a +2 pair of boots (worn)
 O - a +2 helmet of see invisible (worn)
 Y - a +2 pair of gloves of dexterity (worn)
Jewellery
 b - an uncursed ring of protection from fire
 k - a +5 amulet of reflection (around neck)
 q - a +6 ring of evasion (right hand)
 r - an uncursed ring of protection from cold
 J - a ring of protection from magic (left hand)
 N - the ring "Luttojor" {rF++ Stlth-}
   (You found it on level 10 of the Dungeon)

   [ring of loudness]

   It greatly protects you from fire.
   It makes you less stealthy.
Scrolls
 d - a scroll of blinking
 e - 12 scrolls of remove curse
 i - 3 scrolls of amnesia
 j - 6 scrolls of teleportation
 o - a scroll of identify
 y - 4 scrolls of recharging
 L - 2 scrolls of fog
 M - 2 scrolls of fear
 R - 5 scrolls of enchant armour
 T - 2 scrolls of magic mapping
Potions
 n - 5 potions of cancellation
 s - 10 potions of flight
 u - 4 potions of magic
 x - 6 potions of mutation
 A - 7 potions of lignification
 D - 2 potions of might
 F - 3 potions of haste
 H - 18 potions of curing
 U - a potion of brilliance
 V - a potion of ambrosia
Books
 I - a manual of Maces & Flails
Miscellaneous
 g - a phantom mirror
 G - a lightning rod (4/4)
 K - a phial of floods
 Q - a lamp of fire
 X - a lightning rod (4/4)
Comestibles
 f - 2 bread rations
 h - 6 chunks of flesh
 l - 38 fruits
 w - 6 meat rations
 S - 16 royal jellies


   Skills:
 + Level 15.8(20.8) Fighting
 - Level 17.0(22.0) Maces & Flails
 + Level 15.7(20.7) Armour
 - Level 12.7(17.7) Shields
 - Level 7.9 Invocations
 + Level 12.1 Evocations


You had 19 spell levels left.
You didn't know any spells.

Dungeon Overview and Level Annotations

Branches:
Dungeon (15/15)            Temple (0/1) D:6            Lair (6/6) D:8
 Shoals (0/4) Lair:4        Snake (4/4) Lair:2        Slime (0/5) Lair:5
    Orc (2/2) D:10            Elf (3/3) Orc:2        Vaults (0/5) D:14
 Depths (1/5) D:15

Altars:
Ashenzari
Dithmenos
Elyvilon
Okawaru
Sif Muna
Uskayaw
Vehumet
Beogh
Jiyva

Shops:
D:5 *   D:7 (?   D:11 =   Orc:2 %[%:*   Elf:2 *   Snake:1 !(?%   Snake:3 }}!(

Portals:
Pandemonium: Orc:2
Trove: D:14 (show slimy rune of Zot)

Annotations:
D:15 exclusion: Roxanne, Roxanne
Lair:3 exclusion: 2 oklob plants


Innate Abilities, Weirdness & Mutations

You have razor-sharp teeth.
You heal very quickly.
When hurt, damage is shared between your health and your magic reserves.
Your bite disrupts and absorbs the magic of your enemies.
Potions cannot restore your health.
You are immune to rotting.


Message History

The spriggan berserker completely misses you.
Unknown command.
The jiangshi barely misses you. You block the jiangshi's attack.
The spriggan berserker completely misses you.
An enormous slime creature splits.
Press: ? - help, v - describe, . - travel
Here: a jiangshi (silenced)
The floor.
Unknown command.
Unknown command.
You block the jiangshi's attack. x2
You block the purple ugly thing's attack.
Unknown command.
You feel yourself speed up. You block the jiangshi's attack. x2
The jiangshi claws you but does no damage.
You block the jiangshi's attack. The deep troll shaman bites you!
* * * LOW HITPOINT WARNING * * *
The deep troll shaman claws you but does no damage. x2
The jiangshi claws you!
You die...

.............'...................
.......#.....#)#.................
....#..#.##..#.#.......##........
....#..#.##....#.......##........
................[...)..........#.
.!..##.#.#........)##.#...#....#.
.##.#.....8.......[.#.#..........
.#......P....P.V......#.....#####
.#.##.#......8.u@.....#..........
.#....#......P.VTiP.P.###........
.#.#..#....P.[JJ......# ##'#...(.
)#(####..P....>[......# #.#.....
)(...........[.P......####)#(....
(#.#.#............P...#...))#####
)#...#.....8..8...P...#(...()...#
?#####................#.((......#
.}.......8......P.....#..(......#


You could see a purple ugly thing, 2 jiangshi, 2 large slime creatures, a
spriggan berserker and a deep troll shaman.

Vanquished Creatures
  Saint Roka (Snake:4)
  Jorgrun (Snake:4)
  A deep elf blademaster (Elf:3)
  A deep elf master archer (Elf:3)
  The ghost of p0werm0de the Transmogrifier, an adept VSAK of Lugonu (Elf:3)
  8 nagarajas (Snake:4)
  2 deep elf sorcerers (Elf:3)
  An orc warlord (Orc:1)
  A frost giant (IceCv)
  Aizul (Snake:3)
  5 deep elf elementalists (Elf:3)
  7 deep elf annihilators (Elf:3)
  6 deep elf demonologists (Elf:3)
  A minotaur (Lab)
  6 deep elf death magi
  Josephine (D:14)
  2 jiangshi (D:15)
  A fire dragon (D:15)
  6 deep elf high priests
  Fannar (D:11)
  A great orb of eyes (D:15)
  10 hydras
  2 centaur warriors (D:14)
  23 anacondas
  26 dancing weapons
  18 naga warriors
  An ogre mage (D:15)
  2 deep troll shamans (D:15)
  Erica (Lair:1)
  12 two-headed ogres
  A death yak (D:12)
  A tengu warrior (D:15)
  A small abomination (Elf:2)
  2 vampire magi (D:15)
  7 naga sharpshooters
  Urug (D:14)
  A spriggan berserker (D:15)
  7 shock serpents
  4 orc high priests (Orc:2)
  24 deep elf knights
  Sonja (D:12)
  2 sixfirhies (Orc:2)
  10 sea snakes (Snake:4)
  2 skeletal warriors (D:15)
  An unseen horror (D:12)
  An unseen horror (shapeshifter) (Elf:3)
  A salamander mystic (Snake:3)
  A deep troll (D:15)
  A spark wasp zombie (D:15)
  A gelid demonspawn (Orc:2)
  9 deep elf archers
  12 naga ritualists
  A necromancer (D:15)
  8 orc knights
  7 orc sorcerers (Orc:2)
  50 deep elf magi
  22 ugly things
  11 mana vipers
  2 slime creatures (D:13)
  2 cyclopes
  9 salamanders
  A salamander (shapeshifter) (Elf:2)
  An ice statue (IceCv)
  5 elephants (Lair:6)
  6 guardian serpents
  9 naga magi
  53 black mambas
  An orange demon (Orc:2)
  17 spiny frogs
  2 gargoyles
  A kobold demonologist (D:15)
  6 rime drakes
  3 komodo dragons
  The ghost of nikopol the Magician, a novice DEFE (D:5)
  8 trolls
  26 polar bears
  Grinder (Sewer)
  5 dream sheep (Lair:6)
  4 hornets (Lair:6)
  8 blink frogs
  A deep troll zombie (D:15)
  An ice dragon zombie (D:15)
  8 hippogriffs
  4 water elementals
  14 spriggans (Lair:6)
  2 air elementals (Elf:1)
  44 yaks
  A vampire (D:11)
  A spriggan (shapeshifter) (D:15)
  A shadow (D:11)
  6 wraiths
  4 hungry ghosts
  3 wyverns
  2 hogs (D:12)
  2 basilisks (Lair:5)
  16 humans (D:14)
  A steam dragon (shapeshifter) (D:10)
  A steam dragon (D:14)
  A fire elemental (Elf:2)
  8 vampire mosquitoes
  A neqoxec (Orc:2)
  63 nagas
  5 wargs
  A human zombie (D:15)
  An acid dragon (D:12)
  2 soldier ants (D:10)
  A meliai simulacrum (D:15)
  3 porcupines
  27 water moccasins
  51 orc warriors
  9 black bears
  13 ice beasts
  2 sky beasts
  4 phantoms
  10 ogres
  5 boggarts
  38 wolves
  14 crocodiles
  10 centaurs
  5 big kobolds
  19 bullfrogs
  2 earth elementals (Elf:2)
  5 scorpions
  3 killer bees (D:7)
  8 wights
  A howler monkey (D:13)
  3 crimson imps
  6 centaur zombies
  A bullfrog zombie (D:11)
  2 quasits
  2 gnoll shamans
  2 jellies
  5 hounds
  29 orc priests
  7 centaur skeletons
  37 orc wizards
  Jessica (D:2)
  6 iguanas
  12 worker ants
  A killer bee zombie (D:9)
  3 hound skeletons
  A howler monkey zombie (D:8)
  2 worker ant zombies
  11 gnolls
  A howler monkey skeleton (D:2)
  17 adders
  2 shadow imps
  2 oozes
  5 ufetubi (Sewer)
  2 adder skeletons (D:7)
  5 worms
  3 dart slugs
  10 leopard geckos
  105 orcs
  A ball python (Lair:2)
  8 giant cockroaches
  6 hobgoblins
  8 jackals
  8 quokkas
  11 bats
  3 frilled lizards
  A giant cockroach zombie (Sewer)
  8 goblins
  A jackal skeleton (D:7)
  41 kobolds
  2 kobold zombies (Sewer)
  8 rats
  A crawling corpse (Elf:2)
1325 creatures vanquished.

Vanquished Creatures (collateral kills)
  A deep elf annihilator (Elf:3)
1 creature vanquished.

Vanquished Creatures (others)
  A deep elf master archer (Elf:3)
  2 centaur warriors
  A deep elf knight (Elf:3)
  An unseen horror (D:10)
  A deep elf archer (Elf:2)
  A yak (IceCv)
  6 wolves (IceCv)
  An orc priest (Orc:2)
  2 orcs (Snake:4)
  A kobold (D:8)
  A kobold zombie (Sewer)
  2 fungi
  3 plants
  3 withered plants (D:15)
26 creatures vanquished.

Grand Total: 1352 creatures vanquished

Notes
Turn   | Place    | Note
-------+----------+-------------------------------------------
     0 | D:1      | easywork the Vine Stalker Fighter began the quest for the Orb.
     0 | D:1      | Reached XP level 1. HP: 11/11 MP: 2/2
    74 | D:1      | Reached XP level 2. HP: 16/16 MP: 3/3
    80 | D:1      | Reached skill level 2 in Maces & Flails
   842 | D:1      | Reached XP level 3. HP: 19/20 MP: 4/4
  1100 | D:2      | Noticed Jessica
  1114 | D:2      | Killed Jessica
  1118 | D:2      | Gained mutation: Your natural rate of healing is unusually fast. [Vine Stalker growth]
  1118 | D:2      | Reached XP level 4. HP: 20/24 MP: 3/5
  1747 | D:2      | Reached XP level 5. HP: 28/28 MP: 6/6
  1966 | D:3      | Found a faded altar of an unknown god.
  1967 | D:3      | Noticed a water moccasin
  1982 | D:3      | Killed a water moccasin
  1982 | D:3      | Reached skill level 3 in Maces & Flails
  1982 | D:3      | Reached XP level 6. HP: 29/33 MP: 7/7
  2848 | D:4      | Reached XP level 7. HP: 37/37 MP: 8/8
  3046 | D:4      | Found a shattered altar of Ashenzari.
  3405 | D:4      | Reached skill level 4 in Maces & Flails
  3413 | D:4      | Found a glowing drain.
  3421 | Sewer    | Entered a sewer
  3593 | Sewer    | Found a burning altar of Makhleb.
  3779 | Sewer    | Gained mutation: You have razor-sharp teeth. [Vine Stalker growth]
  3779 | Sewer    | Reached XP level 8. HP: 42/42 MP: 9/9
  3799 | Sewer    | Noticed Grinder
  3808 | Sewer    | Killed Grinder
  3808 | Sewer    | Reached skill level 5 in Fighting
  3808 | Sewer    | Reached skill level 5 in Shields
  3904 | D:4      | Found a shadowy altar of Dithmenos.
  4202 | D:5      | Entered Level 5 of the Dungeon
  4252 | D:5      | Found Dofy's General Store.
  4257 | D:5      | Bought 3 scrolls of identify for 90 gold pieces
  4257 | D:5      | Bought a potion of curing for 45 gold pieces
  4335 | D:5      | Noticed nikopol's ghost (novice DEFE)
  4352 | D:5      | Killed nikopol's ghost
  4358 | D:5      | Got a faintly humming helmet
  4369 | D:5      | Identified the cursed +0 helmet "Kegaarop" {Str+3} (You found it on level 5 of the Dungeon)
  4553 | D:5      | Reached skill level 5 in Maces & Flails
  4734 | D:5      | Found an iron altar of Okawaru.
  4815 | D:5      | Became a worshipper of Warmaster Okawaru
  4886 | D:6      | Reached skill level 5 in Armour
  4940 | D:6      | Found a staircase to the Ecumenical Temple.
  4966 | D:6      | Reached XP level 9. HP: 35/48 MP: 10/10
  5330 | D:6      | Reached * piety under Okawaru
  5756 | D:7      | Found Tuitrek's Antique Weapon Emporium.
  5796 | D:7      | Reached skill level 1 in Invocations
  5897 | D:7      | Found Futhrius's Magic Scroll Emporium.
  5902 | D:7      | Bought a scroll of teleportation for 42 gold pieces
  5902 | D:7      | Bought a scroll of teleportation for 42 gold pieces
  5926 | D:7      | Reached skill level 6 in Maces & Flails
  6605 | D:7      | Found a deep blue altar of Sif Muna.
  6718 | D:8      | Found a staircase to the Lair.
  6738 | D:8      | Reached ** piety under Okawaru
  6996 | D:8      | Reached XP level 10. HP: 45/53 MP: 11/13
  7160 | D:8      | You fall through a shaft!
  7302 | D:8      | Noticed a two-headed ogre
  7315 | D:8      | Killed a two-headed ogre
  7459 | D:8      | Found a radiant altar of Vehumet.
  7704 | D:8      | Reached skill level 7 in Maces & Flails
  8253 | D:9      | Reached *** piety under Okawaru
  8388 | D:9      | Reached skill level 5 in Invocations
  8672 | D:10     | Entered Level 10 of the Dungeon
  8752 | D:10     | Got a vibrating copper ring
  8780 | D:10     | Identified the ring "Luttojor" {rF++ Stlth-} (You found it on level 10 of the Dungeon)
  8905 | D:10     | Reached XP level 11. HP: 56/56 MP: 14/16
  9116 | D:10     | Found a white marble altar of Elyvilon.
  9193 | D:10     | Killed an unseen horror
  9201 | D:10     | Reached **** piety under Okawaru
  9472 | D:10     | Found a staircase to the Orcish Mines.
  9491 | D:10     | Found a roughly hewn altar of Beogh.
  9612 | D:7      | Bought a glowing morningstar for 203 gold pieces
  9632 | Lair:1   | Entered Level 1 of the Lair of Beasts
  9672 | Lair:1   | Noticed a six-headed hydra
  9679 | Lair:1   | Killed a six-headed hydra
  9679 | Lair:1   | Reached skill level 8 in Maces & Flails
  9950 | Lair:1   | Got a smoking battleaxe
  9951 | Lair:1   | Identified the +4 battleaxe of Aralynte {drain, rPois} (You found it on level 1 of the Lair of Beasts)
 10376 | Lair:1   | Noticed Erica
 10389 | Lair:1   | Killed Erica
 10818 | Lair:2   | Reached ***** piety under Okawaru
 11315 | Lair:2   | Found a staircase to the Snake Pit.
 11793 | Lair:3   | Noticed a four-headed hydra
 11794 | Lair:3   | Noticed an eight-headed hydra
 11812 | Lair:3   | Killed a four-headed hydra
 11812 | Lair:3   | Reached skill level 9 in Maces & Flails
 11812 | Lair:3   | Gained mutation: You heal very quickly. [Vine Stalker growth]
 11812 | Lair:3   | Reached XP level 12. HP: 48/61 MP: 18/18
 11819 | Lair:3   | Killed an eight-headed hydra
 11819 | Lair:3   | Received a gift from Okawaru
 11837 | Lair:3   | Found a hide-covered altar of Uskayaw.
 12980 | Lair:4   | Received a gift from Okawaru
 13355 | Lair:4   | Noticed a four-headed hydra
 13363 | Lair:4   | Killed a four-headed hydra
 13363 | Lair:4   | Reached skill level 10 in Shields
 13533 | Lair:4   | Found a staircase to the Shoals.
 13942 | Lair:5   | Reached skill level 10 in Maces & Flails
 14019 | Lair:5   | Found a viscous altar of Jiyva.
 14020 | Lair:5   | Found a staircase to the Slime Pits.
 14300 | Lair:5   | Reached XP level 13. HP: 60/67 MP: 19/19
 14335 | Lair:5   | Got a bloodstained plate armour
 14346 | Lair:5   | Identified the +4 plate armour of Xipron {Str+2} (You found it on level 5 of the Lair of Beasts)
 14839 | Lair:6   | Entered Level 6 of the Lair of Beasts
 14918 | Lair:6   | Received a gift from Okawaru
 14984 | Lair:6   | Got a warped rapier {god gift}
 14985 | Lair:6   | Identified the +6 rapier "Aforph" {venom, Str+4 Stlth+} (Okawaru gifted it to you on level 6 of the Lair of Beasts)
 15102 | Lair:6   | Reached skill level 10 in Armour
 15246 | Lair:6   | Reached ****** piety under Okawaru
 15279 | Lair:6   | Received a gift from Okawaru
 15408 | Lair:6   | Reached skill level 11 in Maces & Flails
 15778 | Lair:6   | Reached XP level 14. HP: 74/74 MP: 20/20
 16183 | Orc:1    | Entered Level 1 of the Orcish Mines
 16330 | Orc:1    | Noticed an orc warlord
 16371 | Orc:1    | Killed an orc warlord
 16402 | Orc:1    | Found a frozen archway.
 16417 | IceCv    | Entered an ice cave
 16515 | IceCv    | Received a gift from Okawaru
 16560 | IceCv    | Got a steaming arbalest {god gift}
 16613 | IceCv    | Identified the Compendium of Bewitchment
 17215 | IceCv    | Noticed a frost giant
 17240 | IceCv    | Killed a frost giant
 17240 | IceCv    | Received a gift from Okawaru
 17294 | IceCv    | Got transparent storm dragon scales
 17332 | IceCv    | Identified the cursed +1 storm dragon scales "Ahai" {+Inv rElec} (You found it in an ice cave)
 17492 | Orc:2    | Entered Level 2 of the Orcish Mines
 17531 | Orc:2    | Found a staircase to the Elven Halls.
 17663 | Orc:2    | Found Veewkid's Food Emporium.
 17879 | Orc:2    | Found Ducuifre's General Store.
 17883 | Orc:2    | Found Ninwylal's Food Shoppe.
 18394 | Orc:2    | Reached skill level 10 in Fighting
 18409 | Orc:2    | Reached skill level 12 in Maces & Flails
 18533 | Orc:2    | Reached XP level 15. HP: 80/80 MP: 21/21
 18671 | Orc:2    | Found Yggaimnu's Book Boutique.
 18671 | Orc:2    | Found Lutefa's Antique Armour Shop.
 18671 | Orc:2    | Found a one-way gate leading to the halls of Pandemonium.
 18675 | Orc:2    | Bought a shiny helmet for 217 gold pieces
 18675 | Orc:2    | Bought a shiny shield for 217 gold pieces
 18937 | Elf:1    | Entered Level 1 of the Elven Halls
 19320 | Elf:1    | Found a radiant altar of Vehumet.
 19447 | Elf:1    | Received a gift from Okawaru
 20180 | Elf:2    | Reached skill level 1 in Evocations
 20409 | Elf:2    | Found a runed gate.
 20409 | Elf:2    | Found a runed gate.
 20411 | Elf:2    | Found a runed gate.
 20479 | Elf:2    | Reached skill level 5 in Evocations
 20781 | Elf:2    | Received a gift from Okawaru
 20788 | Elf:2    | Found Qivvialo's General Store.
 20828 | Elf:2    | Reached XP level 16. HP: 83/86 MP: 22/22
 21160 | Elf:2    | Received a gift from Okawaru
 21800 | Elf:2    | Bought the +8 mace "Asopix" {venom, rC+ MR+ Int-3} for 853 gold pieces
 21813 | Elf:3    | Entered Level 3 of the Elven Halls
 21870 | Elf:3    | Reached skill level 13 in Maces & Flails
 21971 | Elf:3    | Noticed a deep elf blademaster
 21987 | Elf:3    | Noticed p0werm0de's ghost (adept VSAK)
 22154 | Elf:3    | Killed p0werm0de's ghost
 22239 | Elf:3    | Killed a deep elf blademaster
 22403 | Elf:3    | Noticed a deep elf master archer
 22404 | Elf:3    | Noticed an Executioner
 22673 | Elf:3    | Reached XP level 17. HP: 91/93 MP: 24/24
 22710 | Elf:3    | Reached skill level 14 in Maces & Flails
 22748 | Elf:3    | Received a gift from Okawaru
 22973 | Elf:3    | Noticed a deep elf master archer
 22990 | Elf:3    | Killed a deep elf master archer
 23066 | Elf:3    | Killed a deep elf master archer
 23080 | Elf:3    | Noticed an Executioner
 23124 | Elf:3    | Noticed a Hell Sentinel
 23127 | Elf:3    | Noticed a Tzitzimitl
 23269 | Elf:3    | Received a gift from Okawaru
 23269 | Elf:3    | Reached skill level 15 in Maces & Flails
 23348 | Elf:3    | Noticed a Tzitzimitl
 23427 | Elf:3    | Noticed a Brimstone Fiend
 23454 | Elf:3    | Identified the Almanac of the Frostbite and Execration
 23549 | Elf:3    | Identified Otieseq's Early Guide to the Hermit's Heritage
 23562 | Elf:3    | Identified the Guide on Hexes and Orientation
 23656 | Elf:3    | Identified the Grimoire of Transmigration
 23839 | Orc:2    | Bought a scroll of teleportation for 51 gold pieces
 23971 | D:11     | Got an ichor-stained cloak
 24020 | D:11     | Found a labyrinth entrance.
 24047 | Lab      | Entered a labyrinth
 24248 | Lab      | Got a flickering jade amulet
 24249 | Lab      | Identified the amulet of Ru's No More Talking {+Rage Int+2} (You took it off a minotaur in a labyrinth)
 24250 | Lab      | Identified the +2 cloak "Zuyvor" {Dex+2} (You found it on level 11 of the Dungeon)
 24473 | D:11     | Noticed Fannar
 24488 | D:11     | Killed Fannar
 24869 | D:11     | Found Hijig's Jewellery Shop.
 24903 | D:11     | Bought an uncursed ring of protection from magic for 375 gold pieces
 24938 | D:12     | Noticed Sonja
 24950 | D:12     | Killed Sonja
 25216 | D:12     | Found a huge runed gate.
 25216 | D:12     | Found a huge runed gate.
 25216 | D:12     | Found a huge runed gate.
 25217 | D:12     | Found a huge runed gate.
 25897 | D:13     | Reached XP level 18. HP: 100/100 MP: 25/25
 26264 | D:13     | Received a gift from Okawaru
 26529 | D:14     | Reached skill level 16 in Maces & Flails
 26690 | D:14     | Found a gate to the Vaults.
 26691 | D:14     | Noticed Urug
 26741 | D:14     | Killed Urug
 26851 | D:14     | Found a portal to a secret trove of treasure.
 26955 | D:14     | Noticed Josephine
 26966 | D:14     | Killed Josephine
 27213 | D:15     | Entered Level 15 of the Dungeon
 27331 | D:15     | Found a staircase to the Depths.
 27427 | D:15     | Received a gift from Okawaru
 27542 | D:15     | Reached skill level 17 in Maces & Flails
 27657 | D:15     | Noticed Roxanne
 28130 | Depths:1 | Entered Level 1 of the Depths
 28355 | Snake:1  | Entered Level 1 of the Snake Pit
 28372 | Snake:1  | Found Xipyrata's Magic Scroll Emporium.
 28393 | Snake:1  | Bought a scroll of teleportation for 45 gold pieces
 28400 | Snake:1  | Found Osipuyggo's Antique Weapon Shop.
 28416 | Snake:1  | Bought a smoking morningstar for 216 gold pieces
 28416 | Snake:1  | Identified the +4 morningstar of Articulation {crush, +Rage rPois rF+ SInv} (You bought it in a shop on level 1 of the Snake Pit)
 28537 | Snake:1  | Found Mauptakk's Food Emporium.
 28716 | Snake:1  | Got a faintly humming buckler
 28717 | Snake:1  | Identified the +3 buckler of the Dice {MP+9} (You found it on level 1 of the Snake Pit)
 28871 | Snake:1  | Found Zuhed's Distillery.
 28877 | Snake:1  | Bought a potion of haste for 150 gold pieces
 29337 | Snake:2  | Reached XP level 19. HP: 94/106 MP: 27/27
 29618 | Snake:2  | Reached skill level 10 in Evocations
 30555 | Snake:3  | Noticed Aizul
 30587 | Snake:3  | Killed Aizul
 30632 | Snake:3  | Received a gift from Okawaru
 30671 | Snake:3  | Found Uzeiler's Antique Weapon Shoppe.
 30734 | Snake:3  | Found Kucs's Distillery.
 30736 | Snake:3  | Found Ribanog's Gadget Shoppe.
 30738 | Snake:3  | Found Ynoc's Gadget Emporium.
 30742 | Snake:3  | Bought a potion of haste for 160 gold pieces
 31003 | Snake:4  | Entered Level 4 of the Snake Pit
 31027 | Snake:4  | Noticed Jorgrun
 31045 | Snake:4  | Killed Jorgrun
 31045 | Snake:4  | Reached skill level 15 in Armour
 31105 | Snake:4  | Reached skill level 15 in Fighting
 31218 | Snake:4  | Received a gift from Okawaru
 31233 | Snake:4  | Got a crude demon whip {god gift}
 31234 | Snake:4  | Identified the +5 demon whip "Killer Klown's Bane" {protect, rC+} (Okawaru gifted it to you on level 4 of the Snake Pit)
 31414 | Snake:4  | Noticed Saint Roka
 31435 | Snake:4  | Killed Saint Roka
 31435 | Snake:4  | Reached XP level 20. HP: 76/113 MP: 29/29
 31482 | Snake:4  | Received a gift from Okawaru
 31706 | Snake:4  | Got a serpentine rune of Zot
 32607 | Depths:1 | Paralysed by the power of Zot for 4 turns
 32615 | D:15     | HP: 2/114 [deep troll shaman (14)]
 32615 | D:15     | Mangled by a jiangshi

Vault maps used:
D:1:      dpeg_arrival_tiny_j
D:2:      uniq_jessica
D:3:      chequers_ecumenical_altar_simple
D:4:      ashenzari_conservatory_becter, cheibrodos_sewer_entry_bend,
          grunt_dithmenos_shadows
D:5:      lemuel_round_altar, first_bread, serial_shops, kennysheep_little_box
D:6:      minmay_temple_entry_glass
D:7:      led_sif_book, serial_shops, shop, nicolae_shop_trees
D:8:      lemuel_coloured_pillars_altar, lair_entry_dummy
D:10:     minmay_orc_entry_temple_small, basic_altar, hangedman_pestilent_swarm,
          minmay_checkerbox
D:11:     serial_shops, shop, lab_entry_generic, st_stairs_10,
          hangedman_corner_corridor, uniq_fannar
D:12:     lemuel_bear_cage, uniq_sonja
D:14:     david_vaults_3, nrook_mini_vaults, nicolae_trove_entry_diagonal,
          wad_floor_pattern_untrapped, uniq_urug, uniq_josephine
D:15:     gammafunk_depths_entry_grave, uniq_roxanne
Lair:1:   uniq_erica
Lair:2:   minmay_snake_entry_six_corridors
Lair:3:   basic_altar, minmay_lair_oklob_chamber
Lair:4:   beast_lair_carwin_large_3, shoals_dummy_entry, grunt_megastairs_1,
          serial_bayou_shore_b
Lair:5:   dpeg_slime_entry_enclosed_altar, beast_lair_carwin_1,
          serial_bayou_shore_b
Lair:6:   minmay_lair_end_enchanted_forest, infiniplex_staircase_pool,
          grunt_megastairs_3
Snake:1:  serial_shops, nicolae_shop_waterfront, shop, shop,
          nicolae_shop_crystal
Snake:2:  special_room
Snake:3:  serial_shops, shop, minmay_shop_star, uniq_aizul
Snake:4:  grunt_snake_rune_pools, grunt_megastairs_4, uniq_jorgrun,
          uniq_saint_roka
Orc:1:    portal_ice_cave_entry_ice_beasts
Orc:2:    pf_orc_diabolical, serial_shops, nicolae_shop_waterfront
Elf:1:    basic_altar, kennysheep_underground_church
Elf:2:    serial_shops, nicolae_shop_temple_entry_statues_fountains
Elf:3:    minmay_elf_hall_not_hex
Depths:1: hell_entry, bh_walls_and_bars
Lab:      labyrinth_mini_lab, lab_statue, lab_fountain,
          nicolae_lab_very_dead_end, nicolae_lab_x, labyrinth_skeletal_remains,
          nicolae_lab_lava, nicolae_lab_do_over
Sewer:    kennysheep_sewer_church
IceCv:    ice_cave_caverns_02

Skill      XL: |  1  2  3  4  5  6  7  8  9 10 11 12 13 14 15 16 17 18 19 20 |
---------------+-------------------------------------------------------------+-----
Maces & Flails | 2 3 4 5 6 7 9 10 11 12 13 15 17 | 17.0
Shields        | 3 4 5 6 8 9 10 11 12 | 12.7
Fighting       | 3 4 5 6 7 8 10 11 13 14 15 | 15.8
Armour         | 3 4 5 6 7 8 9 10 11 12 13 14 15 | 15.7
Invocations    | 3 5 7 |  7.9
Evocations     | 7 9 11 12 | 12.1

Action                   |  1- 3 |  4- 6 |  7- 9 | 10-12 | 13-15 | 16-18 | 19-21 || total
-------------------------+-------+-------+-------+-------+-------+-------+-------++-------
Melee: Flail             |   108 |   151 |    14 |       |       |       |       ||   273
       Bite              |    27 |    33 |   172 |   324 |   873 |   832 |   339 ||  2600
       Mace              |       |       |   469 |   811 |  1809 |  1731 |   329 ||  5149
       Eveningstar       |       |       |       |       |       |       |   431 ||   431
Invok: Heroism           |       |       |     1 |    16 |    36 |    37 |    17 ||   107
       Finesse           |       |       |       |     1 |     9 |    14 |    10 ||    34
Evoke: Lamp of fire      |       |       |       |       |     1 |       |       ||     1
       Phial of floods   |       |       |       |       |       |     1 |       ||     1
       Wand              |       |       |       |       |       |     1 |       ||     1
       Lightning rod     |       |       |       |       |       |       |     1 ||     1
  Use: Scroll            |       |     5 |    16 |    11 |     8 |    22 |    13 ||    75
       Potion            |       |     1 |     2 |     2 |     4 |     1 |     2 ||    12
 Stab: Distracted        |       |       |       |       |       |     1 |       ||     1
  Eat: Chunk             |     1 |     6 |     6 |    12 |    12 |    18 |     5 ||    60
       Fruit             |       |       |     2 |       |       |       |       ||     2
       Meat ration       |       |       |     1 |     1 |       |       |     1 ||     3
       Bread ration      |       |       |     1 |     2 |     3 |     3 |       ||     9
Armor: Scale mail        |    65 |    66 |   213 |       |       |       |       ||   344
       Plate armour      |       |       |    63 |   320 |   499 |   407 |   243 ||  1532
Dodge: Dodged            |    66 |    60 |   213 |   184 |   532 |   395 |   281 ||  1731
Block: Buckler           |    23 |    60 |   312 |    30 |       |       |       ||   425
       Reflection        |       |     3 |    13 |     9 |    31 |   103 |    63 ||   222
       Shield            |       |       |       |   634 |  1565 |  1476 |   797 ||  4472

Table legend:
 A = Spawn XP
 B = Non-spawn XP
 C = Spawn XP percentage of total XP
 D = Spawn monster count
 E = Non-spawn monster count
 F = Spawn count percentage of total count
 G = Total turns spent on level
                    A         B        C        D         E        F      G
               +---------+---------+-------+---------+---------+-------+---------
         Total |       0 |  443767 |   0.0 |       0 |    1331 |   0.0 | 32615
               +---------+---------+-------+---------+---------+-------+---------
           D:1 |       0 |      39 |   0.0 |       0 |      23 |   0.0 |  1075
           D:2 |       0 |     135 |   0.0 |       0 |      29 |   0.0 |   825
           D:3 |       0 |     273 |   0.0 |       0 |      22 |   0.0 |   858
           D:4 |       0 |     654 |   0.0 |       0 |      20 |   0.0 |  1028
           D:5 |       0 |     385 |   0.0 |       0 |       5 |   0.0 |   629
           D:6 |       0 |    1048 |   0.0 |       0 |      23 |   0.0 |   894
           D:7 |       0 |    1143 |   0.0 |       0 |      36 |   0.0 |  1021
           D:8 |       0 |    1906 |   0.0 |       0 |      23 |   0.0 |  1216
           D:9 |       0 |    2067 |   0.0 |       0 |      29 |   0.0 |   960
          D:10 |       0 |    1935 |   0.0 |       0 |      28 |   0.0 |   936
          D:11 |       0 |    9419 |   0.0 |       0 |      61 |   0.0 |   815
          D:12 |       0 |    8560 |   0.0 |       0 |      54 |   0.0 |   814
          D:13 |       0 |    5528 |   0.0 |       0 |      23 |   0.0 |   731
          D:14 |       0 |   20585 |   0.0 |       0 |      77 |   0.0 |   842
          D:15 |       0 |   34071 |   0.0 |       0 |      65 |   0.0 |  1134
        Lair:1 |       0 |    4166 |   0.0 |       0 |      13 |   0.0 |  1309
        Lair:2 |       0 |    3143 |   0.0 |       0 |      21 |   0.0 |  1046
        Lair:3 |       0 |    5094 |   0.0 |       0 |      15 |   0.0 |  1075
        Lair:4 |       0 |    6126 |   0.0 |       0 |      23 |   0.0 |  1010
        Lair:5 |       0 |    6131 |   0.0 |       0 |      25 |   0.0 |  1091
        Lair:6 |       0 |   21154 |   0.0 |       0 |      85 |   0.0 |  1131
       Snake:1 |       0 |   15335 |   0.0 |       0 |      27 |   0.0 |   929
       Snake:2 |       0 |   30614 |   0.0 |       0 |      60 |   0.0 |   940
       Snake:3 |       0 |   14526 |   0.0 |       0 |      27 |   0.0 |   817
       Snake:4 |       0 |   81371 |   0.0 |       0 |     129 |   0.0 |  1143
         Orc:1 |       0 |    4430 |   0.0 |       0 |      35 |   0.0 |   400
         Orc:2 |       0 |   20304 |   0.0 |       0 |     115 |   0.0 |  1519
         Elf:1 |       0 |   17846 |   0.0 |       0 |      29 |   0.0 |  1281
         Elf:2 |       0 |   49113 |   0.0 |       0 |      70 |   0.0 |  1690
         Elf:3 |       0 |   64111 |   0.0 |       0 |      60 |   0.0 |  1895
           Lab |       0 |    1118 |   0.0 |       0 |       1 |   0.0 |   217
         Sewer |       0 |     526 |   0.0 |       0 |      32 |   0.0 |   416
         IceCv |       0 |   10911 |   0.0 |       0 |      46 |   0.0 |   917
               +---------+---------+-------+---------+---------+-------+---------
